[Event "57th Biel Festival MTO 2024"]
[White "Arsenie,Cristian Marc"]
[Black "Rosen,Eric"]
[Site "Biel"]
[Round "4.31"]
[Annotator "RC"]
[Result "0-1"]
[Date "2024.07.18"]
[WhiteElo "2121"]
[BlackElo "2361"]
[PlyCount "54"]
[TimeControl "60"]

1. e4 c5 2. Nf3 e6 3. d4 cxd4 4. Nxd4 Nc6 5. Nc3 Qc7 6. Be3 a6 7. a3 Nf6 8. f4 d5 9. e5 Nd7 10. Qg4 Nc5 11. O-O-O Bd7 12. Kb1 b5 13. Be2 Rb8 14. Qg3 b4 15. axb4 Rxb4 16. f5 Qb8 17. b3 Nxb3 18. cxb3 Rxb3+ 19. Nxb3 Qxb3+ 20. Ka1 Qxc3+ 21. Kb1 Qb3+ 22. Ka1 Nb4 23. Rd2 Nc2+ 24. Rxc2 Qxc2 25. Rb1 Qa4+ 26. Kb2 Qa3+ 27. Kc2 Ba4+ 0-1

[Event "57th Biel Festival MTO 2024"]
[White "Woong,Zhi Wei William"]
[Black "Narayanan,Samrug"]
[Site "Biel"]
[Round "4.32"]
[Annotator "RC"]
[Result "1/2-1/2"]
[Date "2024.07.18"]
[WhiteElo "2139"]
[BlackElo "2335"]
[PlyCount "129"]
[TimeControl "60"]

1. e4 e5 2. Nf3 Nc6 3. Bb5 a6 4. Ba4 Nf6 5. O-O Be7 6. Re1 b5 7. Bb3 d6 8. c3 O-O 9. d4 Bg4 10. d5 Na5 11. Bc2 Qc8 12. h3 Bd7 13. Nbd2 c6 14. dxc6 Qxc6 15. a4 Qb7 16. b4 Nc6 17. Qe2 Rfc8 18. Bb3 Nd8 19. Qd3 Ne6 20. a5 Nf4 21. Qe3 Be6 22. Bxe6 Nxe6 23. Bb2 Rc6 24. Rad1 Bf8 25. Nf1 Rac8 26. N1h2 Qe7 27. Ng4 Nxg4 28. hxg4 g6 29. g3 f6 30. Kg2 h6 31. Qd3 Qf7 32. Nd2 Ng7 33. Nf1 f5 34. gxf5 gxf5 35. Ne3 fxe4 36. Qxe4 Ne6 37. Qg4+ Kh7 38. Nd5 Bg7 39. Qe4+ Kh8 40. Nb6 Ng5 41. Qd5 Rf8 42. Qxf7 Rxf7 43. Re2 Kh7 44. c4 bxc4 45. Rc2 Rb7 46. Rdc1 d5 47. Nxd5 Rb5 48. Ne3 Rxb4 49. Bc3 Rb5 50. Be1 e4 51. Rxc4 Rxc4 52. Rxc4 Nf3 53. Bb4 Bf6 54. Rxe4 Ng5 55. Rc4 Bd8 56. f4 Nf7 57. Kf3 Bxa5 58. Bxa5 Rxa5 59. Rc6 h5 60. Ke4 Nh6 61. Nc4 Ra1 62. Ke5 Rg1 63. Rxa6 Rxg3 64. Ra7+ Rg7 65. Rxg7+ 1/2-1/2

[Event "57th Biel Festival MTO 2024"]
[White "Munguntuul,Batkhuyag"]
[Black "Bommini Mounika Akshaya"]
[Site "Biel"]
[Round "4.33"]
[Annotator "TA"]
[Result "1-0"]
[Date "2024.07.18"]
[WhiteElo "2376"]
[BlackElo "2140"]
[PlyCount "67"]
[TimeControl "60"]

1. e4 c5 2. Nf3 e6 3. d4 cxd4 4. Nxd4 Nf6 5. Bd3 Nc6 6. Nxc6 bxc6 7. Nc3 d5 8. Qe2 Be7 9. O-O O-O 10. b3 Bb7 11. Bb2 d4 {[%emt 0:4:32] The position is equal.} 12. Nb1 c5 13. f4 c4 14. bxc4 Qb6 {[%emt 0:1:12] [#]} (14... Bxe4 $11 15. Nd2 (15. Bxe4 Qb6 $15 )Rb8 )15. Nd2 $1 $14 Bxe4 $1 (15... Qxb2 16. Rab1 Qa3 17. Rxb7 $16 )16. Nb3 (16. Nxe4 $14 Qxb2 17. Rab1 )Rfd8 $11 17. Kh1 (17. Bxe4 $2 d3+ 18. Qf2 Nxe4 19. Qxb6 axb6 20. cxd3 Rxd3 $19 )Bb7 (17... Bxd3 $11 {keeps the balance.} 18. cxd3 a5 )18. Rad1 (18. Rab1 $16 )Kh8 (18... g6 $14 )19. f5 a5 ({Better is} 19... e5 )20. fxe6 $16 fxe6 21. a4 (21. Rb1 $18 )Rab8 (21... Bb4 $16 {was called for.} )22. Qe5 Qc6 23. Rd2 {[%emt 0:0:30] Active counter play!} Qxa4 ({Wrong is} 23... Ng4 $2 24. Qh5 (24. Qxa5 $2 e5 $19 )Nh6 (24... Nf6 $2 25. Rxf6 $18 )25. Bxd4 $18 (25. Nxd4 Qb6 $18 ))24. Bxd4 {[%emt 0:1:30][%cal Rf1f6] Hoping for Rxf6!} Qd7 $2 {[%emt 0:1:12] [#]} (24... Qe8 )25. Rxf6 $1 $18 {[%emt 0:3:54][%cal Oe5h5][%mdl 512] Intending Qh5! and mate.} Qxd4 26. Nxd4 Bxf6 {[%emt 0:0:13] [#]} 27. Qh5 $1 g6 (27... Be4 28. Bxe4 )28. Bxg6 Rd7 {[%emt 0:0:15] [#]} 29. Nc6 $1 Bxc6 30. Rd4 $4 {[%emt 0:0:5][%mdl 8192] [#]} Rd6 $4 31. Rxd6 (31. Qxh7# $142 )Rb1+ {[%emt 0:0:56] White is clearly winning.} 32. Rd1 Rxd1+ 33. Qxd1 hxg6 34. Qd6 {[%emt 0:0:8][%csl LRc6,LRe6] Quite a comeback for White.   Weighted Error Value: White=0.40/Black=0.79.  Mistake:       	White=3     	Black=6      Inaccurate:     	---       	Black=1      OK:         	White=7     	Black=5      Strong:       	White=1     	Black=1      Brilliant:      	White=1     	---} 1-0

[Event "57th Biel Festival MTO 2024"]
[White "Ritviz,Parab"]
[Black "Smirnov,Mark"]
[Site "Biel"]
[Round "4.34"]
[Annotator "RC"]
[Result "1/2-1/2"]
[Date "2024.07.18"]
[WhiteElo "2334"]
[BlackElo "2203"]
[PlyCount "114"]
[TimeControl "60"]

1. g3 Nf6 2. Bg2 d5 3. Nf3 e6 4. O-O Be7 5. d3 O-O 6. Nbd2 Nc6 7. c3 a5 8. e4 dxe4 9. dxe4 e5 10. Qe2 Bc5 11. Nc4 Qe7 12. Nh4 Bg4 13. Qc2 Qe6 14. Ne3 Bh3 15. Nd5 Bxg2 16. Nxf6+ Qxf6 17. Nxg2 Rfd8 18. Be3 Bxe3 19. Nxe3 Ne7 20. Rad1 Qe6 21. Rxd8+ Rxd8 22. Rd1 Rd7 23. Qa4 Nc6 24. Rd5 g6 25. Qd1 Rd6 26. Nc4 Ne7 27. Rxd6 cxd6 28. b3 d5 29. exd5 Qxd5 30. Qxd5 Nxd5 31. Nxa5 Nxc3 32. Nxb7 Nxa2 33. Kf1 Kf8 34. Ke1 Ke7 35. Kd2 Ke6 36. Nd8+ Ke7 37. Nb7 Ke6 38. Nc5+ Kd5 39. Nd7 Kd4 40. Nf6 h5 41. f3 Nc3 42. h4 Nb1+ 43. Kc1 Nc3 44. Kd2 Nb1+ 45. Ke2 Nc3+ 46. Kf2 e4 47. Nxe4 Nxe4+ 48. fxe4 Kxe4 49. Ke2 f6 50. Kf2 Kd4 51. Kf3 Kc3 52. Ke4 Kxb3 53. Kd5 g5 54. Ke6 gxh4 55. gxh4 Kc4 56. Kxf6 Kd5 57. Kg6 Ke6 1/2-1/2

[Event "57th Biel Festival MTO 2024"]
[White "Fronda,Jan Jodilyn"]
[Black "Smeets,Kobe"]
[Site "Biel"]
[Round "4.35"]
[Annotator "RC"]
[Result "1/2-1/2"]
[Date "2024.07.18"]
[WhiteElo "2072"]
[BlackElo "2324"]
[PlyCount "187"]
[TimeControl "60"]

1. e4 e5 2. Nf3 Nc6 3. d4 exd4 4. Nxd4 Nf6 5. Nc3 Bb4 6. Nxc6 bxc6 7. Bd3 O-O 8. O-O Re8 9. Qf3 h6 10. h3 d6 11. Ne2 Nd7 12. Qg3 Qf6 13. c3 Bc5 14. Nf4 Bb6 15. Bc2 Qg5 16. Ne2 Qxg3 17. Nxg3 Ba6 18. Rd1 Bb7 19. b3 Nf6 20. Bb2 c5 21. c4 Nxe4 22. Nf5 f6 23. f3 Ng5 24. Bc3 Ne6 25. Kf2 Nf4 26. Re1 d5 27. Bd2 Ne6 28. cxd5 Bxd5 29. Ne3 Bb7 30. Bg6 Red8 31. Nc4 Bd5 32. Rad1 Nd4 33. Bc3 Bf7 34. Be4 Rab8 35. g4 Nb5 36. Ba1 Nd6 37. Bd3 Kf8 38. Bc3 Rd7 39. Bf5 Rdd8 40. Bd3 Nb5 41. Bb2 Nd4 42. Bc3 Ne6 43. h4 Nf4 44. Be4 Nd5 45. Bb2 Nb4 46. Bb1 c6 47. g5 hxg5 48. hxg5 fxg5 49. Be5 Rxd1 50. Rxd1 Rd8 51. Rxd8+ Bxd8 52. Bd6+ Be7 53. Bb8 a6 54. a3 Nd5 55. Bf5 Nc3 56. Bc8 Bxc4 57. bxc4 Ke8 58. Ke1 Kd8 59. Bf5 Na4 60. Kd2 Bf6 61. Kc2 Nb6 62. Kb3 a5 63. a4 Bd4 64. Bg3 Be3 65. Be1 Kc7 66. Bxa5 Kb7 67. Bc3 Bd4 68. Bxd4 cxd4 69. c5 Nd5 70. Be4 Nc3 71. Bd3 Nd1 72. Kc4 Ka6 73. Kxd4+ Ka5 74. Ke5 Nb2 75. Bc2 Nc4+ 76. Kd4 Kb4 77. Be4 Na5 78. Bc2 Nb7 79. Be4 Na5 80. Ke5 Kxc5 81. Kf5 Kd4 82. Kxg5 c5 83. Kg6 c4 84. Kxg7 Nb3 85. Bc2 Kc3 86. Bg6 Kd2 87. f4 c3 88. Bb1 Kc1 89. Bg6 Kd2 90. Bb1 Nc5 91. a5 Kc1 92. Bf5 Kd2 93. Bb1 Kc1 94. Bf5 1/2-1/2

[Event "57th Biel Festival MTO 2024"]
[White "Jain Kashish Manoj"]
[Black "Lyutsinger,Iren"]
[Site "Biel"]
[Round "4.36"]
[Annotator "RC"]
[Result "0-1"]
[Date "2024.07.18"]
[WhiteElo "2308"]
[BlackElo "2069"]
[PlyCount "108"]
[TimeControl "60"]

1. e4 c5 2. Nf3 d6 3. d4 cxd4 4. Nxd4 Nf6 5. Nc3 a6 6. Be3 e5 7. Nb3 Be6 8. h3 Be7 9. Qf3 b5 10. O-O-O O-O 11. g4 b4 12. Nd5 Nxd5 13. exd5 Bc8 14. Kb1 a5 15. Nc5 dxc5 16. d6 Ra7 17. dxe7 Qxe7 18. Bc4 Rc7 19. Rhe1 Nd7 20. h4 Qxh4 21. Rh1 Qf6 22. Qh3 Qg6 23. Qh2 Bb7 24. Rd6 Nf6 25. Bd3 Be4 26. Bxe4 Qxe4 27. g5 Ng4 28. Qh4 Qf5 29. g6 h6 30. gxf7+ Rcxf7 31. Rg1 h5 32. Bxc5 Rc7 33. Rd5 Rfc8 34. Rd8+ Kh7 35. Rxc8 Rxc8 36. Qe7 Qe4 37. Be3 Rxc2 38. Ka1 Rc6 39. Qg5 Qg6 40. Rxg4 hxg4 41. Qxe5 a4 42. Qh2+ Kg8 43. Qb8+ Kf7 44. Qb7+ Ke8 45. Qa8+ Kd7 46. Qb7+ Rc7 47. Qxb4 a3 48. Qa4+ Qc6 49. Qxg4+ Ke8 50. Qh5+ Kf8 51. Qh8+ Kf7 52. Qh5+ Kg8 53. Qd1 axb2+ 54. Kb1 Rb7 0-1

[Event "57th Biel Festival MTO 2024"]
[White "Toktomushev,Teimur"]
[Black "Borner,Daniel"]
[Site "Biel"]
[Round "4.37"]
[Annotator "RC"]
[Result "1-0"]
[Date "2024.07.18"]
[WhiteElo "2300"]
[BlackElo "2075"]
[PlyCount "140"]
[TimeControl "60"]

1. d4 Nf6 2. c4 g6 3. Nc3 Bg7 4. e4 O-O 5. f3 d6 6. Be3 c5 7. Nge2 Nc6 8. d5 Ne5 9. Ng3 h5 10. Be2 h4 11. Nf1 e6 12. Bg5 Qb6 13. Qd2 exd5 14. Bxf6 Bxf6 15. Nxd5 Qd8 16. Nxf6+ Qxf6 17. Ne3 Nc6 18. O-O Nd4 19. Rad1 Be6 20. f4 Rad8 21. Bd3 Rfe8 22. f5 gxf5 23. exf5 Bd7 24. Nd5 Qg7 25. f6 Qh8 26. Qg5+ Kf8 27. Rde1 Rxe1 28. Rxe1 Re8 29. Re7 Ne6 30. Qf5 Bc6 31. Rxe8+ Bxe8 32. Nf4 Bd7 33. Nxe6+ Bxe6 34. Qf4 Ke8 35. Be4 Kd7 36. Bxb7 Qh5 37. Bf3 Qg6 38. Be4 Qh5 39. Bf3 Qg6 40. Be4 Qh5 41. h3 Qe2 42. Qxh4 Qxb2 43. Qf4 Qd4+ 44. Kh2 Qxc4 45. Kg3 d5 46. Bf3 Qxf4+ 47. Kxf4 d4 48. h4 Ke8 49. a3 Bb3 50. Bc6+ Kf8 51. Ke4 Bc2+ 52. Ke5 Bb3 53. Bb5 Kg8 54. g4 Kh7 55. g5 Kg6 56. Bd3+ Kh5 57. Kd6 Kxh4 58. g6 fxg6 59. Bxg6 d3 60. Bxd3 Kg5 61. Bc2 Ba2 62. Ke7 Kf4 63. Bb1 Bb3 64. f7 Bxf7 65. Kxf7 Ke3 66. Ke6 Kd2 67. Kd5 Kc3 68. a4 Kb3 69. a5 Kb4 70. a6 c4 1-0

[Event "57th Biel Festival MTO 2024"]
[White "Kwiatkowski,Jakub"]
[Black "Munkhzul,Turmunkh"]
[Site "Biel"]
[Round "4.38"]
[Annotator "RC"]
[Result "1/2-1/2"]
[Date "2024.07.18"]
[WhiteElo "2024"]
[BlackElo "2232"]
[PlyCount "84"]
[TimeControl "60"]

1. e4 e5 2. Nf3 Nf6 3. d4 Nxe4 4. Bd3 d5 5. Nxe5 Nd7 6. Nxd7 Bxd7 7. O-O Bd6 8. c4 O-O 9. Nc3 Nxc3 10. bxc3 dxc4 11. Bxc4 Qh4 12. g3 Qf6 13. Bd5 c6 14. Bg2 Rae8 15. Be3 Bf5 16. Re1 Re7 17. Qd2 Rfe8 18. c4 h6 19. Rac1 Ba3 20. Rcd1 Bd6 21. Rc1 Qg6 22. Qa5 b6 23. Qc3 Bb8 24. a4 h5 25. c5 h4 26. cxb6 axb6 27. Qxc6 hxg3 28. hxg3 Bxg3 29. Qxg6 Bxg6 30. Bc6 Bh4 31. Bxe8 Rxe8 32. d5 Re4 33. Bxb6 Rg4+ 34. Kh2 Bg5 35. Be3 Bf6 36. f4 Be4 37. d6 g5 38. d7 Rg2+ 39. Kh1 Rg3+ 40. Kh2 Rg2+ 41. Kh1 Rg4+ 42. Kh2 Rg2+ 1/2-1/2

[Event "57th Biel Festival MTO 2024"]
[White "Winkelman,Albert"]
[Black "Haugner,Jan"]
[Site "Biel"]
[Round "4.39"]
[Annotator "RC"]
[Result "1-0"]
[Date "2024.07.18"]
[WhiteElo "2243"]
[BlackElo "2072"]
[PlyCount "61"]
[TimeControl "60"]

1. c4 e5 2. Nc3 Nc6 3. Nf3 f5 4. e3 Nf6 5. d4 e4 6. Nd2 Bb4 7. Qb3 a5 8. a3 Be7 9. Be2 O-O 10. h3 d6 11. Rg1 h5 12. Nd5 h4 13. Nf4 Qe8 14. g3 a4 15. Qd1 d5 16. cxd5 Na5 17. gxh4 Bd6 18. Nh5 Nxh5 19. Bxh5 Qe7 20. Rg5 f4 21. Bg6 fxe3 22. Qh5 exf2+ 23. Ke2 f1=Q+ 24. Nxf1 Rf2+ 25. Kxf2 Qf6+ 26. Kg1 Bxh3 27. Bf5 Qxd4+ 28. Be3 Qxb2 29. Bxh3 Qxa1 30. Be6+ Kf8 31. Qf7# 1-0

[Event "57th Biel Festival MTO 2024"]
[White "Mata,Adilson"]
[Black "Padmini,Rout"]
[Site "Biel"]
[Round "4.40"]
[Annotator "RC"]
[Result "0-1"]
[Date "2024.07.18"]
[WhiteElo "1971"]
[BlackElo "2348"]
[PlyCount "66"]
[TimeControl "60"]

1. c4 e5 2. g3 d6 3. Bg2 f5 4. d4 Nd7 5. Nc3 Ngf6 6. e4 fxe4 7. Nxe4 Nxe4 8. Bxe4 Nf6 9. Bg5 Be7 10. Bxf6 Bxf6 11. d5 O-O 12. Qd3 g6 13. h4 Bf5 14. Bxf5 gxf5 15. Qxf5 e4 16. Qe6+ Kh8 17. O-O-O Re8 18. Qf7 Rf8 19. Qe6 c5 20. Nh3 Qa5 21. Qxe4 Qxa2 22. Rd2 Rae8 23. Qd3 Qa1+ 24. Qb1 Qa4 25. b3 Qa5 26. Ng5 Qc3+ 27. Qc2 Qa1+ 28. Qb1 Qc3+ 29. Kd1 Re7 30. Rd3 Qa5 31. Re3 Bxg5 32. hxg5 Rxf2 33. Rd3 Ra2 0-1

[Event "57th Biel Festival MTO 2024"]
[White "Gueci,Tea"]
[Black "Coles,Robin"]
[Site "Biel"]
[Round "4.41"]
[Annotator "RC"]
[Result "1/2-1/2"]
[Date "2024.07.18"]
[WhiteElo "2228"]
[BlackElo "2084"]
[PlyCount "93"]
[TimeControl "60"]

1. e4 e6 2. d4 d5 3. e5 c5 4. c3 Qb6 5. Nf3 Bd7 6. Be2 Bb5 7. dxc5 Bxc5 8. b4 Bxe2 9. Qxe2 Bf8 10. O-O Ne7 11. a4 Nd7 12. Na3 a6 13. Bd2 Nc6 14. Rfe1 Be7 15. Nc2 O-O 16. h4 Rae8 17. a5 Qd8 18. c4 Bxh4 19. b5 Ncxe5 20. Nxe5 Nxe5 21. Qxe5 Bf6 22. Qe2 Bxa1 23. Rxa1 axb5 24. cxb5 f6 25. a6 bxa6 26. bxa6 e5 27. Qb5 Qa8 28. Nb4 d4 29. Nd5 Rb8 30. Qa5 Rf7 31. Nc7 Qa7 32. Nb5 Qc5 33. a7 Ra8 34. Bb4 Qd5 35. Qb6 Rb7 36. Nc7 Rxb6 37. Nxd5 Rb5 38. Nc7 Rxa7 39. Rxa7 Rxb4 40. Ne6 Rb1+ 41. Kh2 g6 42. Rg7+ Kh8 43. Rf7 Rb8 44. Rd7 Kg8 45. f4 Re8 46. Nc7 Rf8 47. Ne6 1/2-1/2

[Event "57th Biel Festival MTO 2024"]
[White "Kuandykuly,Danis"]
[Black "Federer,Colin"]
[Site "Biel"]
[Round "4.42"]
[Annotator "RC"]
[Result "1-0"]
[Date "2024.07.18"]
[WhiteElo "1989"]
[BlackElo "2187"]
[PlyCount "73"]
[TimeControl "60"]

1. e4 c5 2. Nf3 d6 3. d4 cxd4 4. Nxd4 Nf6 5. Nc3 a6 6. Bg5 Nbd7 7. Bc4 Qb6 8. Bb3 e6 9. Qd2 Be7 10. O-O-O Nc5 11. f3 Qc7 12. g4 b5 13. a3 Nxb3+ 14. cxb3 h6 15. Be3 d5 16. e5 Nd7 17. f4 b4 18. axb4 Bxb4 19. Kb1 Nc5 20. Nxd5 exd5 21. Qxb4 Rb8 22. Qc3 Bxg4 23. Rc1 Rc8 24. Rhg1 h5 25. b4 Ne6 26. Nxe6 Qxc3 27. Nxg7+ Kf8 28. Rxc3 Rxc3 29. bxc3 f6 30. exf6 Kf7 31. Bd4 Rb8 32. Re1 a5 33. Re7+ Kf8 34. Bc5 Kg8 35. Ne8 Bf5+ 36. Kb2 Bg6 37. Rg7+ 1-0

[Event "57th Biel Festival MTO 2024"]
[White "Kersten,Uwe"]
[Black "Perreard,Nicolas"]
[Site "Biel"]
[Round "4.43"]
[Annotator "RC"]
[Result "1/2-1/2"]
[Date "2024.07.18"]
[WhiteElo "2189"]
[BlackElo "2060"]
[PlyCount "21"]
[TimeControl "60"]

1. e4 e5 2. Nc3 Nf6 3. d4 exd4 4. Qxd4 Nc6 5. Qd3 Bc5 6. Bf4 d6 7. Qd2 Ng4 8. Bg3 Be6 9. O-O-O Qf6 10. Nf3 Bb4 11. a3 1/2-1/2

[Event "57th Biel Festival MTO 2024"]
[White "Kamber,Bruno"]
[Black "Udipi,Kala Kishan"]
[Site "Biel"]
[Round "4.44"]
[Annotator "RC"]
[Result "1-0"]
[Date "2024.07.18"]
[WhiteElo "2188"]
[BlackElo "2051"]
[PlyCount "155"]
[TimeControl "60"]

1. e4 c5 2. Nf3 Nc6 3. Bb5 g6 4. Bxc6 dxc6 5. d3 Bg4 6. Nbd2 Bg7 7. h3 Bxf3 8. Nxf3 e5 9. Be3 Qd6 10. Qd2 h6 11. Qc3 b6 12. a4 Nf6 13. a5 O-O 14. O-O Nd5 15. Qd2 Nxe3 16. Qxe3 b5 17. a6 Rfd8 18. Rfd1 Bf8 19. Nd2 Qd4 20. Qxd4 cxd4 21. Nf3 f6 22. c3 c5 23. Kf1 Rab8 24. Ke2 Rb6 25. cxd4 cxd4 26. Rdc1 Rdd6 27. Rc7 Rxa6 28. Rxa7 Rxa1 29. Rxa1 Rc6 30. Kd1 Bb4 31. Ra7 Bc5 32. Rb7 Rb6 33. Rc7 Bd6 34. Rd7 b4 35. Nd2 Bf8 36. Ra7 b3 37. Nc4 Rb5 38. Ra6 Kf7 39. g4 g5 40. Nb6 Be7 41. Nc4 Bb4 42. Ra7+ Ke6 43. Ke2 Rb8 44. Rc7 Rb5 45. Rh7 Bf8 46. Nd2 Rb6 47. Rc7 Bb4 48. Nc4 Rb5 49. Rc8 Kf7 50. Rh8 Bf8 51. Rxh6 Rb4 52. Rh7+ Bg7 53. h4 Kg6 54. Rh5 gxh4 55. Rxh4 Ra4 56. Rh1 Ra2 57. f4 Kf7 58. Kf3 Kg6 59. g5 fxg5 60. fxe5 Ra8 61. Kg4 Re8 62. Ra1 Bxe5 63. Ra6+ Kf7 64. Kxg5 Bc7 65. Kf5 Ke7 66. e5 Rh8 67. Ke4 Rh4+ 68. Kd5 Kd7 69. Rg6 Bd8 70. Rg7+ Be7 71. e6+ Kd8 72. Kc6 Rh8 73. Nd6 Rf8 74. Nf7+ Kc8 75. Rh7 Rg8 76. Nd6+ Kd8 77. Nf5 Bb4 78. Rb7 1-0

[Event "57th Biel Festival MTO 2024"]
[White "Demchenko,Svitlana"]
[Black "Monteverde,Jonathan"]
[Site "Biel"]
[Round "4.45"]
[Annotator "RC"]
[Result "1-0"]
[Date "2024.07.18"]
[WhiteElo "2176"]
[BlackElo "2052"]
[PlyCount "77"]
[TimeControl "60"]

1. e4 c5 2. Nf3 d6 3. Bb5+ Nd7 4. d4 cxd4 5. Nxd4 Ngf6 6. O-O a6 7. Bd3 g6 8. c4 Bg7 9. Nc3 O-O 10. Be3 Ne5 11. h3 Be6 12. b3 Rc8 13. Rc1 Nc6 14. Be2 Nxd4 15. Bxd4 Nd7 16. Bxg7 Kxg7 17. f4 Qb6+ 18. Kh1 f5 19. exf5 gxf5 20. Bf3 Bf7 21. Qd2 Nf6 22. g4 fxg4 23. hxg4 h5 24. f5 Rh8 25. g5 Ng4 26. Ne4 Qe3 27. f6+ exf6 28. gxf6+ Kh6 29. Qxe3+ Nxe3 30. Nxd6 Rcf8 31. Rfe1 Ng4 32. Re7 Bg6 33. Bxg4 hxg4 34. f7 Bxf7 35. Kg2 Kg6 36. Rf1 Be8 37. Re6+ Kg5 38. Ne4+ Kh4 39. Rh1# 1-0

[Event "57th Biel Festival MTO 2024"]
[White "Tkhoruk,Roman"]
[Black "Rappazzo,Johannes"]
[Site "Biel"]
[Round "4.46"]
[Annotator "RC"]
[Result "0-1"]
[Date "2024.07.18"]
[WhiteElo "1944"]
[BlackElo "2169"]
[PlyCount "84"]
[TimeControl "60"]

1. Nf3 Nf6 2. g3 g6 3. Bg2 Bg7 4. O-O O-O 5. c4 d6 6. Nc3 c5 7. d3 Nc6 8. Bd2 Rb8 9. Qc1 Re8 10. e4 a6 11. a4 Nd7 12. Ne1 Nd4 13. Qd1 Ne5 14. Be3 Nec6 15. Nc2 b5 16. axb5 axb5 17. Rb1 bxc4 18. dxc4 Ba6 19. Bxd4 cxd4 20. Nb5 Bxb5 21. cxb5 Rxb5 22. e5 Nxe5 23. Nxd4 Rb4 24. Kh1 Qb6 25. Nc2 Rxb2 26. Rxb2 Qxb2 27. f4 Nd7 28. Bc6 Rc8 29. Qf3 Nb8 30. Be4 Rxc2 31. Bxc2 Qxc2 32. Qb7 Qc6+ 33. Qxc6 Nxc6 34. Rc1 Nd4 35. Rc8+ Bf8 36. Kg2 Kg7 37. Kf2 e5 38. Ke3 Nf5+ 39. Kf3 h5 40. Re8 exf4 41. Kxf4 d5 42. Ke5 d4 0-1

[Event "57th Biel Festival MTO 2024"]
[White "Frayna,Janelle Mae"]
[Black "Saine,Zachary"]
[Site "Biel"]
[Round "4.47"]
[Annotator "RC"]
[Result "1-0"]
[Date "2024.07.18"]
[WhiteElo "2164"]
[BlackElo "2035"]
[PlyCount "95"]
[TimeControl "60"]

1. Nf3 d5 2. c4 e6 3. g3 Nf6 4. Bg2 Be7 5. O-O O-O 6. b3 d4 7. e3 c5 8. exd4 cxd4 9. d3 Nc6 10. Re1 a5 11. Ne5 Nxe5 12. Rxe5 Nd7 13. Re1 Bb4 14. Bd2 Bd6 15. Bc1 e5 16. Na3 Bb4 17. Re2 Re8 18. Nb5 Nc5 19. a3 Bc3 20. Nxc3 dxc3 21. Be3 Ne6 22. Qe1 Nd4 23. Bxd4 Qxd4 24. Rc1 Bf5 25. Rxc3 Rab8 26. Be4 Bg4 27. Rec2 f5 28. Bd5+ Kh8 29. Qe3 b6 30. b4 Bh3 31. Rc1 a4 32. Qxd4 exd4 33. R3c2 Re5 34. Bg2 Bxg2 35. Kxg2 Rc8 36. c5 b5 37. c6 g6 38. Rc5 Rxc5 39. Rxc5 Kg7 40. c7 Kf6 41. h4 Ke6 42. Kf3 Kd6 43. Kf4 h6 44. h5 gxh5 45. Kxf5 Kd7 46. Kg6 Rg8+ 47. Kf7 Rc8 48. f4 1-0

[Event "57th Biel Festival MTO 2024"]
[White "Malli,Suvirr"]
[Black "Chen,Muxi"]
[Site "Biel"]
[Round "4.48"]
[Annotator "RC"]
[Result "0-1"]
[Date "2024.07.18"]
[WhiteElo "2147"]
[BlackElo "1954"]
[PlyCount "138"]
[TimeControl "60"]

1. e4 c5 2. Nf3 Nc6 3. d4 cxd4 4. Nxd4 Nf6 5. Nc3 e5 6. Ndb5 d6 7. Bg5 a6 8. Na3 b5 9. Nab1 Be7 10. Bxf6 Bxf6 11. a4 b4 12. Nd5 Bg5 13. Bc4 O-O 14. O-O Kh8 15. c3 f5 16. cxb4 fxe4 17. Nbc3 Bf5 18. a5 Nd4 19. Ne3 Bf4 20. Nxf5 Rxf5 21. g3 Nf3+ 22. Kg2 Nd2 23. Bd5 Rb8 24. Nxe4 Nxf1 25. gxf4 Rxb4 26. Qxf1 exf4 27. Bc6 d5 28. Nd2 f3+ 29. Kh1 Qg5 30. Re1 h6 31. Re3 Rxb2 32. Nxf3 Qf6 33. Qd3 Rxf2 34. Bxd5 Qg6 35. Re8+ Qxe8 36. Qxf5 Qe1+ 37. Nxe1 Rxf5 38. Bg2 Rxa5 39. Kg1 Ra2 40. Nd3 a5 41. Nf4 g5 42. Nd5 Rc2 43. Nb6 Kg7 44. Bd5 Kf6 45. Na4 Ke5 46. Bf7 Kd4 47. Be8 Ke3 48. Bf7 Kf3 49. Bd5+ Kg4 50. Be6+ Kh4 51. Bb3 Re2 52. Bc4 Re4 53. Bb5 g4 54. Kg2 h5 55. Kg1 Kg5 56. Kg2 Re3 57. Kf2 Rh3 58. Kg2 Re3 59. Kf2 Rh3 60. Kg2 h4 61. Nc5 Re3 62. Bd7 Re2+ 63. Kg1 h3 64. Nd3 Rg2+ 65. Kf1 Rxh2 66. Nf2 Kf4 67. Nxg4 Rd2 68. Nf6 h2 69. Bc6 Rd6 0-1

[Event "57th Biel Festival MTO 2024"]
[White "Pisan,Kai"]
[Black "Asllani,Dorian"]
[Site "Biel"]
[Round "4.49"]
[Annotator "RC"]
[Result "1/2-1/2"]
[Date "2024.07.18"]
[WhiteElo "1950"]
[BlackElo "2154"]
[PlyCount "108"]
[TimeControl "60"]

1. d4 d5 2. c4 e6 3. Nf3 Nf6 4. g3 Be7 5. Bg2 Ne4 6. O-O f5 7. Nc3 c6 8. Ne5 Nd7 9. Nxd7 Bxd7 10. cxd5 exd5 11. f3 Nxc3 12. bxc3 O-O 13. e4 Qa5 14. Bd2 Qa6 15. e5 Be6 16. Qc1 Ba3 17. Qc2 c5 18. Be3 c4 19. Bc1 Be7 20. a4 Rab8 21. Qa2 Qa5 22. Ba3 Bxa3 23. Qxa3 f4 24. Rfb1 Qd8 25. Qc1 Qg5 26. Rb2 Bd7 27. Re2 Rbe8 28. a5 Re6 29. Bh3 Re7 30. Bxd7 Rxd7 31. Rg2 Qh5 32. g4 Qh3 33. Qf1 h5 34. Re1 Re8 35. Qf2 Re6 36. gxh5 Qxh5 37. Rg4 Qf5 38. Qd2 Rf7 39. Kh1 Rg6 40. Rxg6 Qxg6 41. Rg1 Qf5 42. Qe2 Rc7 43. Qg2 Qd3 44. Qg4 Qxc3 45. Qe6+ Kh8 46. Qe8+ Kh7 47. Qh5+ Kg8 48. Qg4 Qxd4 49. Qe6+ Rf7 50. Qe8+ Rf8 51. Qe7 Rf7 52. Qd8+ Rf8 53. Qg5 Rf7 54. e6 Rf8 1/2-1/2

[Event "57th Biel Festival MTO 2024"]
[White "Cordes,Jule"]
[Black "Nurgaliyeva,Zarina"]
[Site "Biel"]
[Round "4.50"]
[Annotator "RC"]
[Result "0-1"]
[Date "2024.07.18"]
[WhiteElo "1900"]
[BlackElo "2145"]
[PlyCount "98"]
[TimeControl "60"]

1. d4 Nf6 2. c4 e6 3. Nc3 Bb4 4. Qc2 d5 5. cxd5 Qxd5 6. e3 c5 7. Bd2 Bxc3 8. Bxc3 Nc6 9. dxc5 Qxc5 10. Rc1 Qe7 11. Nf3 Bd7 12. Be2 O-O 13. a3 Rac8 14. Qb1 e5 15. O-O Bg4 16. Rfe1 Rfd8 17. b4 a6 18. Ba1 Nd5 19. h3 Be6 20. Red1 f6 21. Nd2 Qf7 22. Ne4 Qe7 23. Nc5 Bf7 24. Bg4 Ra8 25. Qc2 Na7 26. Bb2 Nb5 27. Qe2 Nd6 28. Qc2 Nb6 29. a4 Nbc4 30. Ba1 a5 31. bxa5 Rxa5 32. Nd3 Rda8 33. Be2 Rxa4 34. Bf1 b5 35. Nc5 Ra2 36. Qc3 Rc8 37. Nb3 Ne4 38. Qd3 Nxf2 39. Qd7 Qxd7 40. Rxd7 Ne4 41. Rcd1 Raa8 42. Be2 Nxe3 43. R1d3 Bxb3 44. Rxe3 Rxa1+ 45. Kh2 Nc5 46. Rc3 Nxd7 47. Rxc8+ Kf7 48. Bxb5 Be6 49. Rh8 Nf8 0-1

[Event "57th Biel Festival MTO 2024"]
[White "Pouly,Ivan"]
[Black "Harish,Neeraj"]
[Site "Biel"]
[Round "4.51"]
[Annotator "RC"]
[Result "0-1"]
[Date "2024.07.18"]
[WhiteElo "1958"]
[BlackElo "2123"]
[PlyCount "90"]
[TimeControl "60"]

1. c4 e5 2. Nc3 Bb4 3. Qc2 Nf6 4. g3 Nc6 5. e3 Bxc3 6. Qxc3 d5 7. d3 O-O 8. Bg2 d4 9. Qb3 dxe3 10. Bxe3 Nd4 11. Qc3 Bf5 12. h3 Qe7 13. O-O-O Nd7 14. Bxd4 exd4 15. Qxd4 Nc5 16. Be4 Rad8 17. Qe3 Nxe4 18. dxe4 Qe6 19. Ne2 Bxe4 20. Rhe1 Qxc4+ 21. Nc3 Rxd1+ 22. Rxd1 Bg6 23. Qxa7 b5 24. Qd4 Qe6 25. b3 Qf5 26. Rd2 h6 27. g4 Qf3 28. Qe3 Qc6 29. Kb2 b4 30. Nd5 Re8 31. Qd4 Re1 32. Ne7+ Rxe7 33. Qxb4 Re8 34. f4 Qf6+ 35. Qd4 Re2 36. Ka3 Qxd4 37. Rxd4 Bb1 38. Rd8+ Kh7 39. Rd7 Rxa2+ 40. Kb4 Ra7 41. Kc5 Ba2 42. Rxf7 Bxb3 43. Rd7 Ra4 44. f5 Rc4+ 45. Kb5 Ba4+ 0-1

[Event "57th Biel Festival MTO 2024"]
[White "Gemelli,Romain"]
[Black "Matsumura,Cocoro"]
[Site "Biel"]
[Round "4.52"]
[Annotator "RC"]
[Result "1-0"]
[Date "2024.07.18"]
[WhiteElo "2101"]
[BlackElo "2032"]
[PlyCount "83"]
[TimeControl "60"]

1. d4 d5 2. c4 e6 3. Nf3 Nf6 4. Bg5 dxc4 5. Qa4+ Nbd7 6. e4 Be7 7. Nbd2 a6 8. Bxc4 Rb8 9. Qc2 b5 10. Be2 Bb7 11. a4 b4 12. Bxf6 Bxf6 13. Nb3 O-O 14. O-O Be7 15. Na5 b3 16. Qd3 Ba8 17. Nd2 Nf6 18. Naxb3 Nxe4 19. Nxe4 Bxe4 20. Qxe4 Rxb3 21. Bxa6 Rb4 22. Rfd1 c5 23. a5 cxd4 24. Bd3 g6 25. a6 Qa8 26. a7 Bc5 27. Ra2 Rb7 28. Rda1 Bxa7 29. Ba6 Rd7 30. Qxa8 Rxa8 31. Bd3 f5 32. f4 Rc7 33. Kf2 g5 34. g3 h5 35. b4 h4 36. b5 Rb7 37. Ra6 hxg3+ 38. hxg3 Rc7 39. b6 Rc3 40. Ke2 gxf4 41. gxf4 e5 42. fxe5 1-0